Map: Lerilak Crest

Players

FirstBorn

  • Race: Terran Terran
  • League: Platinum

LilDicky - Winner!

  • Race: Terran Terran
  • League: Diamond

VOD

http://www.twitch.tv/tumescentpie

Description

Time

  • Played on: Nov. 22, 2015, 8:32 p.m.
  • Length: 7:39
Show
View Real Time Build Order
Export as new Build Order

FirstBorn Terran 

Build Orders:  

Get SALT Encoding   

  12  0:01  SCV  
  13  0:13  SCV  
  14  0:20  Supply Depot  
  14  0:25  SCV  
  15  0:42  SCV, Barracks  
  16  0:44  Refinery  
  16  0:54  SCV  
  17  1:06  SCV  
  18  1:18  SCV  
  19  1:32  Marine, Orbital Command  
  20  1:44  Command Center  
  20  1:55  Factory  
  20  2:00  Marine  
  21  2:05  SCV  
  22  2:17  SCV  
  22  2:19  Barracks Reactor  
  23  2:24  Refinery  
  23  2:35  Supply Depot  
  23  2:41  Starport  
  23  2:56  SCV  
  24  2:59  Orbital Command  
  24  3:04  Hellion x2  
  28  3:06  Barracks Tech Lab  
  28  3:10  SCV  
  29  3:22  SCV  
  29  3:24  Medivac  
  32  3:37  Siege Tank, Marine x2  
  37  3:43  Barracks  
  36  3:49  SCV  
  37  3:56  Engineering Bay, Barracks  
  37  4:02  Orbital Command  
  37  4:05  Medivac  
  37  4:06  Marine x2  
  37  4:08  SCV  
  42  4:20  SCV  
  42  4:32  SCV  
  42  4:33  SCV  
  42  4:35  Supply Depot  
  42  4:38  Barracks Reactor  
  44  4:41  Marine x2  
  46  4:46  Supply Depot  
  46  4:55  SCV  
  46  4:57  SCV, Viking, Siege Tank  
  46  4:59  Missile Turret  
  51  5:20  Barracks Tech Lab, Marine x2  
  51  5:21  Marine  
  54  5:22  Marine  
  44  5:47  Marine x5  
  45  6:04  Marine  
  45  6:05  Marine x2  
  48  6:22  Marine x4  
  48  6:23  Marine  
  47  6:32  Siege Tank  
  45  6:37  SCV  
  44  6:40  Marine x3  
  47  6:47  Marine  
  47  6:50  Starport Reactor  
  44  7:04  Marine x4  
Show
View Real Time Build Order
Export as new Build Order

LilDicky Terran - Winner!

Build Orders: Banshee Rush 

Get SALT Encoding   

  12  0:01  SCV  
  13  0:13  SCV  
  14  0:17  Supply Depot  
  14  0:25  SCV  
  15  0:34  Refinery  
  15  0:39  SCV  
  16  0:46  Barracks  
  16  0:51  SCV  
  17  1:03  SCV  
  18  1:15  SCV  
  19  1:27  SCV  
  19  1:32  Marine  
  20  1:34  Supply Depot  
  20  1:39  Factory  
  22  1:42  Orbital Command  
  22  1:45  Refinery  
  21  1:50  Marine  
  22  2:07  SCV  
  23  2:09  Marine  
  23  2:29  SCV, Marine  
  25  2:30  Widow Mine  
  25  2:33  Starport  
  27  2:41  Supply Depot, SCV  
  28  2:46  Marine  
  29  2:53  SCV  
  30  2:59  Factory Tech Lab  
  30  3:04  Marine  
  31  3:06  SCV  
  31  3:07  Supply Depot  
  32  3:18  SCV  
  33  3:22  Marine  
  33  3:24  Banshee, Cloaking Field  
  37  3:31  Factory Tech Lab, SCV  
  38  3:41  Supply Depot  
  38  3:42  Marine  
  39  3:49  SCV  
  39  3:50  Siege Tank  
  43  3:59  Engineering Bay  
  43  4:01  Marine  
  43  4:14  SCV  
  43  4:15  Raven  
  46  4:20  Supply Depot  
  46  4:21  Marine  
  47  4:26  SCV  
  47  4:31  Siege Tank  
  49  4:40  Marine  
  49  4:41  Supply Depot  
  50  5:08  Siege Tank  
  50  5:09  Viking  
  50  5:13  SCV  
  51  5:47  Banshee  
  56  5:50  Siege Tank  
  56  5:52  SCV  
  57  6:00  Barracks x2  
  57  6:04  Missile Turret  
  54  6:05  Command Center  
  52  6:41  Siege Tank  
  52  6:43  SCV  
  52  6:44  Missile Turret  
  56  6:53  Missile Turret  
  60  7:24  SCV  
  60  7:27  Command Center  
Tags
 
Add a new tag
Caveats
  • Supply blocks, unpowered buildings, or Contaminate may cause inaccurate times.
  • Supply counts are checked every 10 seconds.